 Dungeon Crawl Stone Soup version 0.24.0-123-gd5b16e6ec5 (webtiles) character file.

Game seed: 10376090055266920367, levelgen mode: deterministic

149 Elellon the Cudgeler (level 5, -2/32 HPs)
             Began as a Gargoyle Fighter on Jan 2, 2020.
             Slain by an ice beast (13 damage)
             ... on level 3 of the Dungeon.
             The game lasted 00:05:24 (2155 turns).

Elellon the Cudgeler (Gargoyle Fighter)             Turns: 2155, Time: 00:05:25

Health: -2/32      AC: 13    Str: 21    XL:     5   Next: 31%
Magic:  5/5        EV:  6    Int:  8    God:
Gold:   178        SH:  9    Dex:  9    Spells: 4/4 levels left

rFire    . . .     SeeInvis .   a - +0 flail
rCold    . . .     Gourm    .   c - +0 shield
rNeg     + . .     Faith    .   q - +0 chain mail
rPois    ∞         Spirit   .   (no helmet)
rElec    +         Reflect  .   (no cloak)
rCorr    .         Harm     .   (no gloves)
MR       .....                  (no boots)
Stlth    ..........             (no amulet)
HPRegen  0.10/turn              (no ring)
MPRegen  0.09/turn              (no ring)

@: no status effects
A: negative energy resistance 1, electricity resistance, unbreathing,
petrification resistance, rot immunity, AC +4
a: no special abilities


You were on level 3 of the Dungeon.
You were not hungry.

You visited 1 branch of the dungeon, and saw 3 of its levels.

You collected 178 gold pieces.

Inventory:

Hand Weapons
 a - a +0 flail (weapon)
Armour
 b - a +0 scale mail
 c - a +0 shield (worn)
 q - a +0 chain mail (worn)
Jewellery
 h - an uncursed amulet of rage {unknown}
 p - an uncursed ring of fire {unknown}
 w - an uncursed amulet of harm {unknown}
Scrolls
 e - 3 scrolls of blinking {unknown}
 g - a scroll of identify {unknown}
 i - a scroll of enchant armour {unknown}
 j - 4 scrolls of remove curse {unknown}
 m - a scroll of fog {unknown}
 o - a scroll of fear {unknown}
 r - a scroll of magic mapping {unknown}
 s - a scroll of amnesia {unknown}
 t - a scroll of immolation {unknown}
 v - a scroll of enchant weapon {unknown}
 x - a scroll of teleportation {unknown}
Potions
 d - a potion of might
 k - a potion of degeneration {unknown}
 l - 3 potions of curing {unknown}
 n - a potion of haste {unknown}
 u - a potion of flight {unknown}
Comestibles
 f - 7 rations


   Skills:
 - Level 3.2 Fighting
 + Level 4.8 Maces & Flails
 - Level 3.2 Armour
 - Level 1.5 Dodging
 - Level 0.3 Stealth
 - Level 3.2 Shields


You had 4 spell levels left.
You didn't know any spells.
Your spell library was empty.

Dungeon Overview and Level Annotations

Branches:
Dungeon (3/15)

Altars:
Gozag


Innate Abilities, Weirdness & Mutations

You are resistant to torment.
Your stone body is resilient. (AC +4)
You are immune to poison.
You resist negative energy. (rN+)
You are resistant to electric shocks. (rElec)
You can survive without breathing.
You are immune to petrification.
You are immune to rotting.


Message History

The ice beast is almost dead.
The ice beast hits you. The ice beast freezes you!
You are too injured to fight recklessly!
You are too injured to fight recklessly!
You are too injured to fight recklessly!
You are too injured to fight recklessly!
You are too injured to fight recklessly!
You barely miss the ice beast.
The ice beast is almost dead.
You block the ice beast's attack. x2
You closely miss the ice beast.
The ice beast is almost dead.
The ice beast hits you but does no damage.
Your shield and chain mail prevent you from hitting the ice beast.
The ice beast is almost dead.
The ice beast hits you but does no damage.
You barely miss the ice beast.
The ice beast is almost dead.
The ice beast hits you. The ice beast freezes you!
You die...

..........###....###...###.+..≈≈≈
........#.##..### ###..##.#..)≈§
........#.....# ##....#.....
........#.###.# ##...#.....
.[........# #.# ###.####'#
.........####.######## #.......
...................... ########
...............#######
.........##.....@Y...#
........)...########....
..........#. # ..........##
..........# .......... ........


You could see an ice beast.

Vanquished Creatures
  Robin (D:1)
  5 adders
  2 worms
  4 leopard geckos
  3 orcs
  A ball python (D:2)
  7 bats
  3 giant cockroaches
  15 goblins
  14 hobgoblins
  4 jackals (D:2)
  8 kobolds
  A quokka (D:2)
  A frilled lizard (D:2)
  5 rats
74 creatures vanquished.

Notes
Turn   | Place    | Note
-------+----------+-------------------------------------------
     0 | D:1      | Elellon the Gargoyle Fighter began the quest for the Orb.
     0 | D:1      | Reached XP level 1. HP: 14/14 MP: 1/1
   344 | D:1      | Reached XP level 2. HP: 19/19 MP: 2/2
   732 | D:2      | Reached skill level 3 in Maces & Flails
   751 | D:2      | Reached XP level 3. HP: 18/23 MP: 3/3
   974 | D:2      | Noticed Robin
  1014 | D:1      | Reached XP level 4. HP: 23/28 MP: 4/4
  1029 | D:1      | Reached skill level 4 in Maces & Flails
  1100 | D:1      | Killed Robin
  1225 | D:2      | Reached skill level 1 in Dodging
  1512 | D:2      | Found an opulent altar of Gozag.
  1730 | D:3      | Reached XP level 5. HP: 24/32 MP: 5/5
  2136 | D:3      | Noticed an ice beast
  2155 | D:3      | Slain by an ice beast

Levels and vault maps discovered:
D:1:      scummos_arrival_gate, layout_loops_cross
D:2:      layout_loops_ring, marbit_many_paths, minmay_pentomino_q4, uniq_robin
D:3:      layout_rooms, hex_tiny, kennysheep_generic_room_8

Skill      XL: |  1  2  3  4 |
---------------+-------------+-----
Maces & Flails | 3 4 |  4.8
Dodging        | 1 |  1.5
Fighting       | |  3.2
Armour         | |  3.2
Stealth        | |  0.3
Shields        | |  3.2

Action                   |  1- 3 |  4- 6 || total
-------------------------+-------+-------++-------
Melee: Flail             |   121 |   223 ||   344
  Eat: Chunk             |     1 |     1 ||     2
       Ration            |       |     1 ||     1
Armor: Scale mail        |    45 |       ||    45
       Chain mail        |    27 |   185 ||   212
Dodge: Dodged            |    34 |    76 ||   110
Block: Shield            |    80 |   140 ||   220
